 Dungeon Crawl Stone Soup version 0.17.1-2-g5865329 (webtiles) character file.

133 MoltenButter the Shield-Bearer (level 4, -8/40 HPs)
             Began as a Minotaur Fighter on Apr 23, 2017.
             Was an Initiate of Dithmenos.
             Killed by divine providence
             ... invoked by an orc priest
              (15 damage)
             ... on level 4 of the Dungeon.
             The game lasted 00:16:15 (1252 turns).

MoltenButter the Shield-Bearer (Minotaur Fighter)   Turns: 1252, Time: 00:16:15

Health: -8/40      AC:  7    Str: 26    XL:     4   Next: 93%
Magic:  3/3        EV:  6    Int:  5    God:    Dithmenos [......]
Gold:   167        SH: 15    Dex: 10    Spells: 0 memorised, 3 levels left

rFire  . . .     SeeInvis .     a - +0 long sword
rCold  . . .     Clarity  .     b - +0 scale mail
rNeg   . . .     SustAt   .     f - +0 large shield
rPois  .         Gourm    .     (helmet restricted)
rElec  .         Spirit   .     (no cloak)
rCorr  .         Warding  .     (no gloves)
rMut   .         Stasis   .     (no boots)
MR     .....                    m - amulet of faith
Stlth  ..........               (no ring)
                                (no ring)

@: mighty, not resistant to hostile enchantments, extremely unstealthy
A: retaliatory headbutt, horns 2
a: Renounce Religion


You were on level 4 of the Dungeon.
You worshipped Dithmenos.
Dithmenos was noncommittal.
You were not hungry.

You visited 1 branch of the dungeon, and saw 4 of its levels.

You collected 167 gold pieces.

Inventory:

Hand Weapons
 a - a +0 long sword (weapon)
 i - a +0 flail
 p - a +0 hand axe
Armour
 b - a +0 scale mail (worn)
 c - a +0 shield
 f - a +0 large shield (worn)
 j - a +0 robe
Jewellery
 m - an amulet of faith (around neck)
 s - a cursed amulet of inaccuracy {unknown}
Scrolls
 l - 3 scrolls of identify
 r - a scroll of recharging
Potions
 e - a potion of degeneration {unknown}
 k - a potion of resistance
 o - a potion of beneficial mutation {unknown}
 q - a potion of brilliance {unknown}
Comestibles
 g - 4 fruits
 h - a meat ration
 n - a royal jelly


   Skills:
 + Level 4.3 Fighting
 + Level 3.5 Long Blades
 + Level 4.1 Armour
 + Level 1.2 Dodging
 + Level 5.2 Shields


You had 3 spell levels left.
You didn't know any spells.

Dungeon Overview and Level Annotations

Branches:
Dungeon (4/15)
 Temple: D:4-7

Altars:
Cheibriados
Dithmenos
Elyvilon
Fedhas
Qazlal
Vehumet
Zin


Innate Abilities, Weirdness & Mutations

You reflexively headbutt those who attack you in melee.
You have a pair of horns on your head.


Message History

Something smites you!
* * * LOW HITPOINT WARNING * * *
You block the orc's attack.
You hit the orc but do no damage. You block the orc's attack.
You slash the orc!
You kill the orc!
Dithmenos accepts your kill.
The orc throws a tomahawk.
You block the tomahawk.
You closely miss the orc. Your headbutt misses the orc.
The orc hits you but does no damage.
You feel very mighty all of a sudden. You block the orc's attack.
You slash the orc!
You kill the orc!
Dithmenos accepts your kill.
You slash the orc priest! Your headbutt misses the orc priest.
The orc priest is heavily wounded.
The orc priest mumbles some strange prayers to Beogh against you.
Something smites you!
You die...

#####.###.......#
#.###.......# #######
#..##..###### #.....#
##.##..# #.....# #.##..#
#.....# #..#..######... o
#.....# ##.#...........
....#.....#####.............
#......oo@................
#.......######............
#.......# ##.##########
..........# #>......#
###.......# ######...
.........# ..........#
..........#


You could see an orc priest and an orc.

Vanquished Creatures
  An ogre (D:4)
  An adder (D:2)
  A worm (D:2)
  A giant gecko (D:2)
  3 orcs (D:4)
  4 ball pythons
  A giant cockroach (D:1)
  7 goblins
  A hobgoblin (D:1)
  2 jackals (D:2)
  5 bats
  A jackal skeleton (D:4)
  5 kobolds
  3 rats
36 creatures vanquished.

Notes
Turn   | Place    | Note
--------------------------------------------------------------
     0 | D:1      | MoltenButter the Minotaur Fighter began the quest for the Orb.
     0 | D:1      | Reached XP level 1. HP: 19/19 MP: 0/0
   173 | D:1      | Reached skill level 4 in Shields
   173 | D:1      | Reached XP level 2. HP: 20/27 MP: 1/1
   407 | D:2      | Found a snail-covered altar of Cheibriados.
   709 | D:2      | Found a radiant altar of Vehumet.
   709 | D:2      | Found a shadowy altar of Dithmenos.
   709 | D:2      | Found a glowing silver altar of Zin.
   709 | D:2      | Found a white marble altar of Elyvilon.
   725 | D:2      | Found a stormy altar of Qazlal.
   735 | D:2      | Found a blossoming altar of Fedhas.
   782 | D:2      | Became a worshipper of Dithmenos the Shadowed
   847 | D:2      | Reached XP level 3. HP: 33/33 MP: 2/2
  1234 | D:4      | Noticed an ogre
  1244 | D:4      | Killed an ogre
  1244 | D:4      | Reached skill level 1 in Dodging
  1244 | D:4      | Reached skill level 5 in Shields
  1244 | D:4      | Reached XP level 4. HP: 19/40 MP: 3/3
  1252 | D:4      | Killed from afar by an orc priest

Action                   |  1- 3 |  4- 6 || total
-------------------------+-------+-------++-------
Melee: Long sword        |    89 |     7 ||    96
  Use: Scroll            |     3 |       ||     3
       Potion            |       |     1 ||     1
  Eat: Bread ration      |     1 |       ||     1
